 Dungeon Crawl Stone Soup version 0.31-a0-303-gdc8c9485ea (webtiles) character file.

Game seed: 5689838056039777912

75 Zonian the Sneak (level 4, 0/23 HPs)
             Began as a Vine Stalker Brigand on July 16, 2023.
             Slain by Ijyb
             ... wielding a +2 dagger of holy wrath
              (2 damage)
             ... on level 3 of the Dungeon.
             The game lasted 00:03:24 (1876 turns).

Zonian the Sneak (Vine Stalker Brigand)             Turns: 1876, Time: 00:03:25

Health: 0/23       AC:  3    Str: 15    XL:     4   Next: 31%
Magic:  0/5        EV: 11    Int: 11    God:
Gold:   119        SH:  0    Dex: 16    Spells: 3/3 levels left

rFire   . . .        n - +2 whip (drain)
rCold   . . .        (no shield)
rNeg    . . .        b - +0 robe
rPois   .            (no helmet)
rElec   .            c - +0 cloak
rCorr   .            (no gloves)
SInv    .            (no boots)
Will    .....        (no amulet)
Stlth   +++          (no ring)
HPRegen 1.03/turn    (no ring)
MPRegen 0.09/turn

%: guardian spirit
@: no status effects
A: fangs 2, regeneration 1, magic shield, antimagic bite, no potion heal 2
a: no special abilities


You were on level 3 of the Dungeon.
You visited 1 branch of the dungeon, and saw 3 of its levels.

You collected 119 gold pieces.

Inventory:

Hand Weapons
 a - a +2 dagger
 n - a +2 whip of draining (weapon)
Missiles
 d - 9 poisoned darts (quivered)
 e - 3 curare-tipped darts
Armour
 b - a +0 robe (worn)
 c - a +0 cloak (worn)
Scrolls
 g - 2 scrolls of amnesia {unknown}
 h - a scroll of identify {unknown}
 i - a scroll of noise {unknown}
 j - a scroll of poison {unknown}
 k - 2 scrolls of enchant weapon {unknown}
 q - a scroll of fog {unknown}
Potions
 f - a potion of curing {unknown}
 l - 3 potions of ambrosia {unknown}
 m - a potion of heal wounds {unknown}
 o - a potion of lignification {unknown}
 p - a potion of haste {unknown}
 r - a potion of magic {unknown}


   Skills:
 + Level 2.7 Fighting
 - Level 1.7 Short Blades
 - Level 1.7 Throwing
 - Level 0.7 Dodging
 + Level 5.7 Stealth
 + Level 1.9 Unarmed Combat


You had 3 spell levels left.
You didn't know any spells.
Your spell library was empty.

Dungeon Overview and Level Annotations

Branches:
Dungeon (3/15)

Altars:

Shops:
D:2 [

Annotations:
D:3 Ijyb


Innate Abilities, Weirdness & Mutations

You have extremely sharp teeth.
Your natural rate of healing is unusually fast.
When hurt, damage is shared between your health and your magic reserves.
Your bite disrupts and absorbs the magic of your enemies.
Potions cannot restore your health.


Message History

Ijyb hits you with a +2 dagger of holy wrath.
You barely miss Ijyb. Your bite misses Ijyb.
Ijyb is moderately wounded.
Ijyb hits you but does no damage.
You closely miss Ijyb. Your bite misses Ijyb.
Ijyb is moderately wounded.
Ijyb misses you.
Unknown command.
You hit Ijyb but do no damage. You bite Ijyb, but do no damage.
Ijyb is moderately wounded.
Ijyb zaps a wand.
The puff of flame hits you.
You closely miss Ijyb.
Ijyb is moderately wounded.
Ijyb closely misses you.
You barely miss Ijyb.
Ijyb is moderately wounded.
Ijyb barely misses you.
You hit Ijyb. Your bite misses Ijyb.
Ijyb is heavily wounded.
Ijyb screams, "Die!"
Ijyb zaps a wand.
The puff of flame hits you!
Ijyb zaps a wand.
The puff of flame hits you.
Unknown command.
You whack Ijyb! You drain Ijyb.
Ijyb is almost dead.
Ijyb zaps a wand.
The puff of flame hits you.
You barely miss Ijyb. Your punch misses Ijyb.
Ijyb is almost dead.
Ijyb zaps a wand.
The puff of flame hits you!
* * * LOW HITPOINT WARNING * * *
Unknown command.
You closely miss Ijyb.
Ijyb is almost dead.
Ijyb hits you with a +2 dagger of holy wrath.
* * * LOW HITPOINT WARNING * * *
Unknown command.
You miss Ijyb. You bite Ijyb, but do no damage.
Ijyb is almost dead.
Ijyb hits you with a +2 dagger of holy wrath.
You die...

#.# #. #.# #.##
#.##.# ...$.
#.##.# #>#.
#.##.##
#...##.#...#####
...............#
#.#........##g#
####.#.........@.#
...........>#.##.#
###.#.....##......
#.##.########.####
#####.##.# .....
.........# )...#
......#### ###.#
####### #.# # #.#
.#


You could see Ijyb (very drained).

Vanquished Creatures
  2 adders (D:3)
  An orc (D:3)
  3 bats
  6 endoplasms
  12 giant cockroaches
  5 hobgoblins
  5 kobolds
  A quokka (D:2)
  6 ball pythons
  4 goblins
  3 rats
48 creatures vanquished.

Notes
Turn   | Place    | Note
-------+----------+-------------------------------------------
     0 | D:1      | Zonian the Vine Stalker Brigand began the quest for the
                  | Orb.
     0 | D:1      | Reached XP level 1. HP: 11/11 MP: 2/2
   375 | D:1      | Reached skill level 5 in Stealth
   390 | D:1      | Reached XP level 2. HP: 15/15 MP: 3/3
   680 | D:1      | Reached skill level 1 in Unarmed Combat
  1124 | D:2      | Reached XP level 3. HP: 17/18 MP: 4/4
  1160 | D:2      | Noticed an animated crystal plate armour
  1163 | D:2      | Found Okoyxam's Armour Boutique.
  1163 | D:2      | Noticed an animated crystal plate armour
  1655 | D:3      | Gained mutation: Your natural rate of healing is unusually
                  | fast. [Vine Stalker growth]
  1655 | D:3      | Reached XP level 4. HP: 21/23 MP: 5/5
  1858 | D:3      | Noticed Ijyb
  1874 | D:3      | HP: 1/23 [Ijyb/puff of flame (7)]
  1876 | D:3      | Slain by Ijyb

Illustrated notes

Levels and vault maps discovered:
D:1:      roderic_dead_forest, layout_loops_ring, patterned_corridor
D:2:      layout_rooms, serial_shops, nicolae_shop_mannequins,
          hangedman_decor_growths
D:3:      minmay_roachtagon, layout_loops_ring, dreamdust_mushroom_princess,
          nicolae_concentric_dashed_squares_wild, uniq_ijyb

Skill      XL: |  1  2 |
---------------+-------+-----
Stealth        | 5 |  5.7
Fighting       | 2 |  2.7
Unarmed Combat | 1 |  1.9
Short Blades   | |  1.7
Throwing       | |  1.7
Dodging        | |  0.7

Action                     |  1- 3 |  4- 6 || total
---------------------------+-------+-------++-------
  Melee: Unarmed           |    89 |       ||    89
         Bite              |    28 |     7 ||    35
         Punch             |     2 |       ||     2
         Whip              |    27 |    37 ||    64
   Stab: Sleeping          |    12 |     3 ||    15
         Distracted        |       |     2 ||     2
 Armour: Robe              |    31 |     3 ||    34
  Dodge: Dodged            |    59 |    17 ||    76

Table legend: (Time is in decaauts)
 A = Elapsed time spent in this place.
 B = Non-inter-level travel time spent in this place.
 C = Inter-level travel time spent in this place.
 D = Time resting spent in this place.
 E = Time spent auto-exploring this place.
 F = Levels seen in this place.
 G = Mean time per level.
                   A        B        C        D        E       F      G
               +--------+--------+--------+--------+--------+-----+--------+
         Total |   1879 |   1840 |     39 |    240 |   1156 |   3 |  626.3 |
       Dungeon |   1879 |   1840 |     39 |    240 |   1156 |   3 |  626.3 |
               +--------+--------+--------+--------+--------+-----+--------+

Top non-repeatable levels by time:
     D:1: 1055 daAuts
     D:2: 493 daAuts
     D:3: 330 daAuts
